 Dungeon Crawl Stone Soup version 0.15-a0-1788-ga796aff (webtiles) character file.

9119 JogiH the Conjurer (level 11, 0/62 HPs)
             Began as a Gargoyle Wizard on June 29, 2014.
             Was a Priest of Vehumet.
             Succumbed to a manticore's barbed spikes
             ... on Level 9 of the Dungeon.
             The game lasted 01:14:32 (14271 turns).

JogiH the Conjurer (Gargoyle Wizard)               Turns: 14271, Time: 01:14:32

HP   0/62        AC 18     Str 10      XL: 11   Next: 41%
MP  21/26        EV 11     Int 23      God: Vehumet [***...]
Gold 508         SH  0     Dex  8      Spells:  5 memorised, 13 levels left

rFire  + . .     SeeInvis .     B - +4 quarterstaff (chaos)
rCold  + . .     Clarity  +     Y - +3 leather armour {rF+}
rNeg   + . .     rCorr    .     (no shield)
rPois  +         rRot     +     o - +0 hat
rElec  +         Spirit   .     C - +2 cloak {+Inv}
SustAb +         Warding  .     q - +0 pair of gloves
rMut   .         Stasis   .     (no boots)
Gourm  .                        e - amulet of clarity
MR     .....                    J - ring of protection from cold
                                h - ring of sustain abilities

@: manticore barbs, not resistant to hostile enchantments, very unstealthy
A: life protection 1, electricity resistance, unbreathing, petrification
resistance, rot immunity, AC +7
a: Renounce Religion, Evoke Invisibility


You were on level 9 of the Dungeon.
You worshipped Vehumet.
Vehumet was most pleased with you.
You were not hungry.

You visited 2 branches of the dungeon, and saw 12 of its levels.

You collected 508 gold pieces.

Inventory:

Hand weapons
 i - a +2 spear of venom
 w - a +2 dagger of venom
 B - a +4 quarterstaff of chaos (weapon)
 M - a cursed +3 battleaxe of freezing
 N - a cursed -2 dagger
 P - a cursed +1 falchion
Armour
 b - a +0 hat
 o - a +0 hat (worn)
 q - a +0 pair of gloves (worn)
 C - a +2 cloak of darkness (worn)
 X - a +1 buckler
 Y - a +3 leather armour of fire resistance (worn)
Magical devices
 s - a wand of random effects (13)
 F - a wand of magic darts (7) {unknown}
Comestibles
 j - 3 meat rations
 r - a bread ration
 x - 2 royal jellies
 Q - 2 chunks of giant frog flesh
Scrolls
 a - 2 scrolls of recharging {unknown}
 g - 3 scrolls of teleportation
 k - 2 scrolls of fear
 p - 2 scrolls of remove curse
 t - 3 scrolls of fog
 y - 2 scrolls of identify
 D - a scroll of summoning {unknown}
 I - 2 scrolls of blinking
Jewellery
 e - an amulet of clarity (around neck)
 h - a ring of sustain abilities (left hand)
 E - an uncursed amulet of faith
 J - a ring of protection from cold (right hand)
 L - an uncursed ring of stealth
 O - an uncursed amulet of stasis
Potions
 d - a potion of poison {unknown}
 f - 2 potions of paralysis {unknown}
 l - a potion of invisibility {unknown}
 m - a potion of confusion {unknown}
 n - a potion of flight {unknown}
 u - 2 potions of curing
 v - 3 potions of agility
 z - a potion of restore abilities {unknown}
 A - 3 potions of heal wounds
 G - 2 potions of berserk rage {unknown}
 K - 3 potions of brilliance {unknown}
Books
 c - a book of Minor Magic

   Spells                             Type                      Level
   *Magic Dart                        Conjuration                  1
   *Blink                             Translocation                2
   *Call Imp                          Summoning                    2
   Repel Missiles                     Charms/Air                   2
   Slow                               Hexes                        2
   *Conjure Flame                     Conjuration/Fire             3
   *Mephitic Cloud                    Conjuration/Poison/Air       3
 V - a book of Clouds

   Spells                             Type                      Level
   *Mephitic Cloud                    Conjuration/Poison/Air       3
   *Conjure Flame                     Conjuration/Fire             3
   Poisonous Cloud                    Conjuration/Poison/Air       6
   Freezing Cloud                     Conjuration/Ice/Air          6
   Ring of Flames                     Charms/Fire                  7
Magical staves
 H - an uncursed staff of poison


   Skills:
 * Level 4.3 Fighting
 * Level 3.9 Staves
 * Level 4.2 Armour
 + Level 4.6 Dodging
 - Level 2.1 Stealth
 * Level 4.6 Shields
 + Level 7.4 Spellcasting
 * Level 9.5 Conjurations
 - Level 1.1 Summonings
 - Level 1.3 Translocations
 * Level 5.7 Fire Magic
 * Level 5.0 Air Magic
 - Level 1.3 Poison Magic


You had 13 spell levels left.
You knew the following spells:

 Your Spells              Type           Power        Failure   Level  Hunger
a - Magic Dart            Conj           ####         1%          1    None
b - Blink                 Tloc           N/A          10%         2    None
c - Call Imp              Summ           ##......     10%         2    None
d - Conjure Flame         Conj/Fire      #####...     1%          3    None
e - Mephitic Cloud        Conj/Pois/Air  ####....     1%          3    None


Dungeon Overview and Level Annotations

Branches:
Dungeon (11/15)            Temple (1/1) D:6            Lair (0/8) D:8
    Orc: D:9-12

Altars:
Ashenzari
Cheibriados
Dithmenos
Elyvilon
Gozag
Kikubaaqudgha
Nemelex Xobeh
Okawaru
Qazlal
Trog
Vehumet
Xom
Yredelemnul
Zin


Innate Abilities, Weirdness & Mutations

You are resistant to torment.
You are immune to poison.
Your stone body is very resilient (AC +7).
You resist negative energy.
You are resistant to electric shocks.
You can survive without breathing.
You are immune to petrification.
You are immune to rotting.


Message History

The barbed spikes dig painfully into your body as you move.
The manticore is engulfed in roaring flames.
The manticore flicks its tail!
The volley of spikes skewers you!
The barbed spikes become lodged in your body.
The barbed spikes dig painfully into your body as you move.
* * * LOW HITPOINT WARNING * * *
The manticore is engulfed in roaring flames.
The manticore flicks its tail!
The volley of spikes skewers you!
The barbed spikes dig painfully into your body as you move.
* * * LOW HITPOINT WARNING * * *
The manticore is engulfed in roaring flames.
The manticore flicks its tail!
The volley of spikes skewers you!
The barbed spikes become lodged in your body.
* * * LOW HITPOINT WARNING * * *
The manticore is engulfed in roaring flames.
You kill the manticore!
Vehumet accepts your kill.
You feel your power returning.
The barbed spikes dig painfully into your body as you move.
You die...

#..#.....#........o#
#..#.....#.........#
#..#.....#.........#
#........#.........###########
#........#..........[........#
#........#............[....).#
#........#...................%
#...####.#...................#
#........#§§.@.....###########
#........#§#########.........
#............................
#...............H....o...##o..
#............................o
#..........#######.........H..
#..).......#######...........
#.........>.........######+##
#...................#


There were no monsters in sight!

Vanquished Creatures
  Gastronok (D:8)
  The ghost of Turgon the Carver, an experienced DgNe (D:10)
  The ghost of lennard the Spear-Bearer, an experienced OpFi of Vehumet (D:9)
  Joseph (D:9)
  A manticore (D:9)
  Maurice (D:8)
  A hydra zombie (D:9)
  A troll (D:9)
  2 deep elf fighters (D:5)
  A steam dragon (D:8)
  A hungry ghost (D:7)
  Eustachio (D:5)
  A hippogriff (D:8)
  An orc warrior (D:9)
  2 ice beasts
  A water moccasin (D:9)
  A centaur (D:5)
  4 sky beasts
  A phantom (D:8)
  5 ogres
  A crocodile (D:8)
  Sigmund (D:5)
  6 giant frogs
  Blork the orc (D:6)
  A gnoll sergeant (D:5)
  A cyclops skeleton (D:8)
  4 scorpions
  10 killer bees
  7 wights
  A quasit (D:7)
  5 orc priests
  2 goliath beetles
  Crazy Yiuf (D:3)
  An elf skeleton (D:8)
  6 hounds
  11 iguanas
  4 worker ants
  Natasha (thrice) (D:5)
  A killer bee zombie (D:7)
  7 orc wizards
  A statue (D:4)
  2 gnolls
  2 big fish zombies (D:6)
  2 scorpion zombies (D:4)
  12 adders
  A gnoll skeleton (D:5)
  A shadow imp (D:7)
  2 giant mites
  3 worms
  An iguana zombie (D:9)
  9 giant geckos
  2 oozes
  21 orcs
  11 bats
  A bat zombie (D:5)
  7 giant cockroaches
  12 goblins
  14 hobgoblins
  6 jackals
  14 kobolds
  3 quokkas
  3 giant newts
  A giant spore (D:7)
  12 rats
  2 rat skeletons
  2 rat zombies (D:5)
  3 ballistomycetes (D:7)
253 creatures vanquished.

Vanquished Creatures (collateral kills)
  2 killer bees (D:9)
  An orc wizard (D:3)
  A big fish (D:3)
  Ijyb (D:2)
  A gnoll (D:3)
  An adder (D:2)
  2 orcs
  2 jackals (D:1)
  A bat (D:1)
  A kobold (D:3)
  2 rats
15 creatures vanquished.

Vanquished Creatures (others)
  The ghost of Meowch the Covert, an average SpAs (D:3)
  A crimson imp (D:3)
  An iron imp (D:3)
  A gnoll (D:3)
  An adder (D:3)
  2 jackals (D:3)
  A butterfly (D:6)
8 creatures vanquished.

Grand Total: 276 creatures vanquished

Notes
Turn   | Place    | Note
--------------------------------------------------------------
     0 | D:1      | JogiH, the Gargoyle Wizard, began the quest for the Orb.
     0 | D:1      | Reached XP level 1. HP: 10/10 MP: 4/4
   559 | D:1      | Reached XP level 2. HP: 15/15 MP: 0/6
   563 | D:1      | Learned a level 2 spell: Blink
   566 | D:1      | Learned a level 2 spell: Call Imp
  1447 | D:2      | Reached XP level 3. HP: 16/19 MP: 6/8
  1469 | D:1      | Learned a level 3 spell: Conjure Flame
  1972 | D:2      | Found a shadowy altar of Dithmenos.
  2130 | D:2      | Noticed Ijyb
  2156 | D:2      | Killed Ijyb
  2229 | D:2      | Reached XP level 4. HP: 24/24 MP: 10/10
  2349 | D:3      | Reached skill level 1 in Summonings
  2804 | D:3      | Noticed Meowch's ghost (average SpAs)
  3157 | D:3      | Reached XP level 5. HP: 28/28 MP: 9/12
  3256 | D:3      | Learned a level 3 spell: Mephitic Cloud
  3357 | D:3      | Reached skill level 4 in Spellcasting
  3357 | D:3      | Reached skill level 1 in Translocations
  4012 | D:3      | Killed Meowch's ghost
  4324 | D:3      | Reached skill level 1 in Poison Magic
  5006 | D:3      | Noticed Crazy Yiuf
  5012 | D:3      | Killed Crazy Yiuf
  5012 | D:3      | Reached XP level 6. HP: 32/32 MP: 2/15
  5551 | D:5      | Entered Level 5 of the Dungeon
  5572 | D:4      | Noticed an ogre
  5601 | D:4      | Killed an ogre
  5601 | D:4      | Reached skill level 1 in Fire Magic
  5662 | D:4      | Reached skill level 1 in Air Magic
  5662 | D:4      | Reached XP level 7. HP: 36/36 MP: 0/18
  5924 | D:4      | Noticed an ogre
  6052 | D:4      | Killed an ogre
  6498 | D:5      | Reached skill level 5 in Spellcasting
  6498 | D:5      | Reached skill level 5 in Conjurations
  6743 | D:4      | Reached XP level 8. HP: 41/41 MP: 13/20
  7439 | D:4      | Found a radiant altar of Vehumet.
  7582 | D:4      | Became a worshipper of Vehumet
  7941 | D:5      | Reached skill level 6 in Conjurations
  8068 | D:5      | Noticed a deep elf fighter
  8073 | D:5      | Noticed Eustachio
  8086 | D:5      | Killed a deep elf fighter
  8103 | D:5      | Noticed a deep elf fighter
  8128 | D:5      | Killed Eustachio
  8201 | D:5      | Killed a deep elf fighter
  8237 | D:5      | Noticed Sigmund
  8288 | D:5      | Reached XP level 9. HP: 25/46 MP: 16/22
  8291 | D:5      | Reached skill level 1 in Staves
  8294 | D:5      | Reached skill level 1 in Shields
  8309 | D:5      | Reached skill level 1 in Armour
  8436 | D:5      | Found a snail-covered altar of Cheibriados.
  8475 | D:5      | Acquired Vehumet's first power
  8475 | D:5      | Offered knowledge of Sandblast by Vehumet.
  8543 | D:5      | Noticed Natasha
  8546 | D:5      | Killed Natasha
  8592 | D:6      | Found a shattered altar of Ashenzari.
  8734 | D:5      | Noticed Natasha
  8746 | D:5      | Killed Natasha
  8746 | D:5      | Noticed Natasha
  8747 | D:5      | Killed Natasha
  8933 | D:5      | Killed Sigmund
  9113 | D:6      | Noticed Blork the orc
  9125 | D:6      | Reached skill level 1 in Fighting
  9137 | D:6      | Killed Blork the orc
  9156 | D:6      | Found an opulent altar of Gozag.
  9418 | D:6      | Found a basalt altar of Yredelemnul.
  9516 | D:6      | Found a staircase to the Ecumenical Temple.
  9524 | Temple   | Entered the Ecumenical Temple
 10108 | D:7      | Reached skill level 7 in Conjurations
 10699 | D:8      | Found a white marble altar of Elyvilon.
 10701 | D:8      | Found a stormy altar of Qazlal.
 10763 | D:7      | Found a glowing silver altar of Zin.
 10764 | D:7      | Found a shattered altar of Ashenzari.
 10764 | D:7      | Found an ancient bone altar of Kikubaaqudgha.
 11448 | D:8      | Noticed Gastronok
 11468 | D:8      | Killed Gastronok
 11468 | D:8      | Reached XP level 10. HP: 52/56 MP: 24/24
 11609 | D:9      | Offered knowledge of Flame Tongue by Vehumet.
 11613 | D:9      | Reached skill level 8 in Conjurations
 11649 | D:8      | Found a sparkling altar of Nemelex Xobeh.
 11762 | D:8      | Found a bloodstained altar of Trog.
 11903 | D:8      | Noticed Maurice
 11907 | D:8      | Killed Maurice
 12189 | D:8      | Found a staircase to the Lair.
 13117 | D:9      | Reached skill level 5 in Fire Magic
 13176 | D:10     | Entered Level 10 of the Dungeon
 13192 | D:10     | Offered knowledge of Static Discharge by Vehumet.
 13392 | D:9      | Noticed lennard's ghost (experienced OpFi)
 13409 | D:9      | Killed lennard's ghost
 13464 | D:10     | Reached XP level 11. HP: 60/60 MP: 24/26
 13490 | D:9      | Reached skill level 9 in Conjurations
 13607 | D:9      | Acquired Vehumet's second power
 13674 | D:9      | Noticed Joseph
 13692 | D:9      | Killed Joseph
 14081 | D:10     | Noticed Turgon's ghost (experienced DgNe)
 14089 | D:10     | Killed Turgon's ghost
 14089 | D:10     | Reached skill level 5 in Air Magic
 14246 | D:9      | Noticed a manticore
 14270 | D:9      | Killed a manticore
 14271 | D:9      | Succumbed to a manticore's barbed spikes

Action                   |  1- 3 |  4- 6 |  7- 9 | 10-12 || total
-------------------------+-------+-------+-------+-------++-------
Melee: Unarmed           |    61 |       |       |       ||    61
       Club              |     8 |    88 |       |       ||    96
       Quarterstaff      |       |    15 |   186 |   133 ||   334
 Cast: Magic Dart        |    99 |   115 |   253 |   208 ||   675
       Call Imp          |     6 |    11 |       |       ||    17
       Conjure Flame     |       |     5 |    39 |    44 ||    88
       Mephitic Cloud    |       |     5 |    27 |     9 ||    41
       Blink             |       |     1 |       |       ||     1
Evoke: Wand              |       |       |     3 |       ||     3
  Use: Potion            |     1 |       |       |     1 ||     2
       Scroll            |       |     5 |    10 |     1 ||    16
 Stab: Sleeping          |     1 |       |       |     1 ||     2
       Confused          |       |     1 |     3 |       ||     4
       Distracted        |       |     1 |       |       ||     1
       Paralysed         |       |     2 |       |       ||     2
